 Dungeon Sprint DCSS version 0.31-a0-37-g98a128e1d9 (webtiles) character file.

Game seed: 4495498539872350776

1474 bmack86 the Severer (level 8, -5/124 HPs)
             Began as a Minotaur Berserker on May 15, 2023.
             Was a High Priest of Trog.
             Killed by divine providence
             ... invoked by an orc high priest
              (14 damage)
             ... in the Dungeon (Sprint III: "The Ten Rune Challenge").
             The game lasted 00:05:30 (1056 turns).

bmack86 the Severer (Minotaur Berserker)            Turns: 1056, Time: 00:05:31

Health: -5/124     AC:  4    Str: 28    XL:     8   Next: 49%
Magic:  7/7        EV: 12    Int:  2    God:    Trog [*****.]
Gold:   41         SH:  0    Dex: 12    Spells: 7/7 levels left

rFire   . . .        s - +4 lajatang (heavy)
rCold   . . .        (shield currently unavailable)
rNeg    . . .        i - +0 leather armour
rPois   .            (helmet restricted)
rElec   .            (no cloak)
rCorr   .            (no gloves)
SInv    .            (no boots)
Will    .....        (no amulet) Stlth
                     (no ring)
HPRegen 0.40/turn    (no ring)
MPRegen 0.10/turn

%: no teleportation
@: berserking, very quick
A: horns 2, retaliatory headbutt, agile 1, strong 1
a: Renounce Religion, Berserk, Trog's Hand, Brothers in Arms


You were in the Dungeon.
You worshipped Trog.
Trog was extremely pleased with you.
You visited 1 branch You collected 41 gold pieces.

Inventory:

Hand Weapons
 a - a +0 hand axe
 l - a +2 quarterstaff of chaos
 p - a +2 long sword of holy wrath
 s - a +4 heavy lajatang (weapon)
Armour
 b - a +0 animal skin
 i - a +0 leather armour (worn)
 k - a +0 cloak
Scrolls
 h - a scroll of blinking
 j - a scroll of poison
 m - a scroll of torment
Potions
 c - a potion of curing
 d - 3 potions of heal wounds
 e - a potion of haste
 f - 2 potions of magic
 g - 2 potions of berserk rage
 n - a potion of might
 o - a potion of flight
 q - 4 potions of mutation
Miscellaneous
 r - a phial of floods (quivered)


   Skills:
 + Level 11.9 Fighting
 * Level 16.1 Axes
 + Level 11.6 Armour
 - Level 2.1 Dodging


You had 7 spell levels left.
You didn't know any spells.
Your spell library was empty.

Dungeon Overview and Level Annotations

Branches:
Dungeon (1/1)

Altars:
Cheibriados
Dithmenos
Elyvilon
Fedhas
Gozag
Hepliaklqana
Kikubaaqudgha
Makhleb
Nemelex Xobeh
Okawaru
Qazlal
Ru
Sif Muna
Trog
Uskayaw
Vehumet
Wu Jian
Xom
Yredelemnul
Zin
The Shining One
Jiyva
Lugonu


Innate Abilities, Weirdness & Mutations

You have a pair of horns on your head.
You reflexively headbutt those who attack you in melee.
You are agile. (Dex +4, Str/Int -1)
Your muscles are strong. (Str +4, Int/Dex -1)


Message History

You headbutt the orc warrior, but do no damage.
The orc warrior is moderately wounded.
The orc warrior hits you with a +0 short sword!
The orc high priest prays to Beogh.
You hit the orc warrior.
The orc warrior is heavily wounded.
The orc wizard casts a spell.
The orc wizard flickers and vanishes!
Deactivating autopickup; reactivate with Ctrl-A.
The orc warrior hits you but does no damage.
The orc high priest hits you with a +0 long sword!
The orc high priest invokes the aid of Beogh against you.
Beogh smites you!
The orc warrior hits you with a +0 short sword.
You slash the orc high priest!
The orc high priest is heavily wounded.
The orc warrior hits you with a +0 short sword!
The orc high priest hits you with a +0 long sword!
You closely miss the orc high priest.
Your headbutt misses the orc high priest.
The orc high priest is heavily wounded.
The sixfirhy hits you. The sixfirhy shocks you!
* * * LOW HITPOINT WARNING * * *
The sixfirhy barely misses you. You furiously retaliate!
You headbutt the sixfirhy! The sixfirhy barely misses you.
The sixfirhy closely misses you. The orc warrior barely misses you.
You furiously retaliate!
You headbutt the orc warrior!
The orc high priest hits you with a +0 long sword!
* * * LOW HITPOINT WARNING * * *
The sixfirhy hits you but does no damage.
You barely miss the orc high priest. You headbutt the orc high priest!!
The orc high priest is almost dead.
The sixfirhy hits you!
* * * LOW HITPOINT WARNING * * *
The sixfirhy shocks you!
* * * LOW HITPOINT WARNING * * *
The orc warrior closely misses you.
The orc high priest invokes the aid of Beogh against you.
Beogh smites you!
You die...

♣.############
♣.#___#___#__##$##
♣.#...#__)#._#$$.
♣.###'#÷###)##.o.
♣.#....†.....#oo
♣.'.⌠........#.$
..#)..######'#.#
..#.⌠.#__#...#o######
..#...#__#...#{o@.#.#
..#'###__#...##o#3.#
..#.):#__#...'##)#.#
..#___#__'...#.).#..#
▓▓▓▓▓▓▓▓▓▓▓▓▓▓▓▓▓▓▓▓▓


You could see an orc high priest, a sixfirhy (summoned), an orc warrior and an
orc.

Vanquished Creatures
  A deep elf pyromancer (D)
  A shadow (D)
  A spatial vortex (D)
  3 two-headed ogres (D)
  A water elemental (D)
  A necrophage (D)
  Crazy Yiuf (D)
  A jelly (D)
  A wizard (D)
  Jessica (D)
  A necromancer (D)
  An orc wizard (D)
  3 humans (D)
  A kobold demonologist (D)
  An endoplasm (D)
  2 rats (D)
21 creatures vanquished.

Notes
Turn   | Place    | Note
-------+----------+-------------------------------------------
     0 | D        | bmack86 the Minotaur Berserker began the quest for the Orb.
     0 | D        | Reached XP level 1. HP: 19/19 MP: 0/0
     7 | D        | Reached skill level 4 in Axes
    55 | D        | Noticed Jessica
    56 | D        | Reached ** piety under Trog
    62 | D        | Killed Jessica
    63 | D        | Reached skill level 5 in Fighting
    63 | D        | Reached skill level 6 in Axes
    63 | D        | Reached XP level 2. HP: 14/29 MP: 1/1
    63 | D        | Reached XP level 3. HP: 18/36 MP: 2/2
   144 | D        | Noticed Crazy Yiuf
   149 | D        | Killed Crazy Yiuf
   150 | D        | Reached skill level 7 in Axes
   150 | D        | Reached skill level 5 in Armour
   284 | D        | Gained mutation: Your muscles are strong. (Str +4, Int/Dex
                  | -1) [potion of mutation]
   284 | D        | Gained mutation: You are agile. (Dex +4, Str/Int -1)
                  | [potion of mutation]
   300 | D        | Reached XP level 4. HP: 41/44 MP: 3/3
   329 | D        | Noticed a water elemental
   332 | D        | Killed a water elemental
   332 | D        | Reached *** piety under Trog
   333 | D        | Reached skill level 9 in Axes
   333 | D        | Reached XP level 5. HP: 52/52 MP: 4/4
   378 | D        | Found a hide-covered altar of Uskayaw.
   378 | D        | Found an iron altar of Okawaru.
   378 | D        | Found a bloodstained altar of Trog.
   378 | D        | Found an ornate altar of the Wu Jian Council.
   378 | D        | Noticed a human
   382 | D        | Killed a human
   383 | D        | Reached skill level 11 in Axes
   383 | D        | Reached XP level 6. HP: 62/62 MP: 5/5
   383 | D        | Noticed a human
   387 | D        | Killed a human
   388 | D        | Reached skill level 12 in Axes
   426 | D        | Found a glowing silver altar of Zin.
   426 | D        | Found a glowing golden altar of the Shining One.
   426 | D        | Found a white marble altar of Elyvilon.
   427 | D        | Noticed a deep elf pyromancer
   432 | D        | Killed a deep elf pyromancer
   433 | D        | Reached skill level 10 in Fighting
   433 | D        | Reached skill level 14 in Axes
   433 | D        | Reached skill level 10 in Armour
   433 | D        | Reached XP level 7. HP: 73/73 MP: 6/6
   482 | D        | Found a basalt altar of Yredelemnul.
   482 | D        | Found a shadowy altar of Dithmenos.
   482 | D        | Found a sacrificial altar of Ru.
   484 | D        | Reached **** piety under Trog
   523 | D        | Found a radiant altar of Vehumet.
   523 | D        | Found a shimmering blue altar of Sif Muna.
   523 | D        | Found an ancient bone altar of Kikubaaqudgha.
   525 | D        | Noticed an orange demon
   533 | D        | Reached ***** piety under Trog
   585 | D        | Noticed a shadow
   587 | D        | Killed a shadow
   588 | D        | Reached skill level 15 in Axes
   588 | D        | Reached XP level 8. HP: 82/82 MP: 7/7
   634 | D        | Found a blossoming altar of Fedhas.
   634 | D        | Found a stormy altar of Qazlal.
   634 | D        | Found a snail-covered altar of Cheibriados.
   634 | D        | Found a burning altar of Makhleb.
   634 | D        | Found a shimmering altar of Xom.
   635 | D        | Found a hazy altar of Hepliaklqana.
   635 | D        | Found an opulent altar of Gozag.
   635 | D        | Found a sparkling altar of Nemelex Xobeh.
   635 | D        | Found a corrupted altar of Lugonu.
   635 | D        | Found a viscous altar of Jiyva.
   877 | D        | Received a gift from Trog
   878 | D        | Reached skill level 16 in Axes
  1045 | D        | Noticed an orc high priest
  1054 | D        | Noticed a sixfirhy
  1056 | D        | Killed from afar by an orc high priest

Illustrated notes

Levels and vault maps discovered:
D:        dungeon_sprint_mu [sprint_mu_entry_forest, sprint_mu_temple_rooms,
          sprint_mu_d1_spiders, sprint_mu_d2_genie, sprint_mu_d3_branching,
          sprint_mu_orc_legion, sprint_mu_elf_gauntlet, sprint_mu_hive_nellie,
          sprint_mu_lair_fedhas, sprint_mu_vaults_butterflies,
          sprint_mu_slime_circle, sprint_mu_swamp_cave, sprint_mu_shoals_kraken,
          sprint_mu_blade_basic, sprint_mu_crypt_lich, sprint_mu_tomb_spiral,
          sprint_mu_vestibule_basic, sprint_mu_gehenna_hellfire,
          sprint_mu_dis_giant, sprint_mu_tartarus_statrot,
          sprint_mu_cocytus_islands, sprint_mu_zot1]

Skill      XL: |  1  2  3  4  5  6  7  8 |
---------------+-------------------------+-----
Axes           | 6 7 9 11 14 15 16 | 16.1
Fighting       | 5 6 7 8 10 11 | 11.9
Armour         | 4 5 6 7 10 11 | 11.6
Dodging        | |  2.1

Action                     |  1- 3 |  4- 6 |  7- 9 || total
---------------------------+-------+-------+-------++-------
  Melee: Hand axe          |    12 |       |       ||    12
         Headbutt          |     4 |     4 |    10 ||    18
         Quarterstaff      |     3 |    12 |       ||    15
         Punch             |     1 |       |       ||     1
         Long sword        |       |       |    34 ||    34
         Lajatang          |       |       |     9 ||     9
 Invoke: Berserk           |     1 |     3 |     5 ||     9
    Use: Scroll            |     4 |       |       ||     4
         Potion            |     1 |       |       ||     1
 Armour: Leather armour    |     2 |       |     6 ||     8
         Animal skin       |     2 |       |       ||     2
  Dodge: Dodged            |     5 |     3 |    37 ||    45

Table legend: (Time is in decaauts)
 A = Elapsed time spent in this place.
 B = Non-inter-level travel time spent in this place.
 C = Inter-level travel time spent in this place.
 D = Time resting spent in this place.
 E = Time spent auto-exploring this place.
 F = Levels seen in this place.
 G = Mean time per level.
                   A        B        C        D        E       F      G
               +--------+--------+--------+--------+--------+-----+--------+
         Total |   1163 |   1163 |      0 |    764 |      0 |   1 | 1163.0 |
       Dungeon |   1163 |   1163 |      0 |    764 |      0 |   1 | 1163.0 |
               +--------+--------+--------+--------+--------+-----+--------+

Top non-repeatable levels by time:
       D: 1163 daAuts
